 Dungeon Crawl Stone Soup version 0.31-a0-986-g5e6e4ef867 (webtiles) character file.

Game seed: 13462263864611679256

91648 croobank the Covert (level 15, -21/130 HPs)
             Began as a Demigod Delver on Nov 6, 2023.
             Killed from afar by a deep elf zephyrmancer (24 damage)
             ... with a bolt of lightning
             ... on level 13 of the Dungeon on Nov 8, 2023.
             The game lasted 02:16:22 (27136 turns).

croobank the Covert (Demigod Delver)               Turns: 27136, Time: 02:16:23

Health: -21/130    AC: 13    Str: 25    XL:     15   Next: 14%
Magic:  18/18      EV: 22    Int: 20    God:
Gold:   2883       SH:  8    Dex: 15    Spells: 11/14 levels left

rFire   + . .        f - +11 Singing Sword {sonic wave}
rCold   x . .        K - +1 buckler {rPois}
rNeg    . . .        w - +2 leather armour {rPois}
rPois   +            M - +0 mask of the Dragon {Will+ Slay+3 SInv}
rElec   .            D - +2 cloak {rPois}
rCorr   .            n - +1 pair of gloves
SInv    +            V - +1 pair of boots
Will    ++...        T - amulet of regeneration
Stlth   +++++        k - +5 ring of evasion
HPRegen 1.21/turn    G - ring of fire
MPRegen 0.16/turn

%: no passive effects
@: weakened, on berserk cooldown, slowed, studying Short Blades, very slow
A: high MP 1, forlorn, divine attributes, mutation resistance 1, poison
resistance, subdued magic 1
a: no special abilities


You were on level 13 of the Dungeon.
You visited 3 branches of the dungeon, and saw 20 of its levels.
You also visited: Bailey, Ice Cave and Volcano.

You collected 3350 gold pieces.
You spent 467 gold pieces at shops.

Inventory:

Hand Weapons
 f - the +11 Singing Sword (weapon) {sonic wave}
   (You found it on level 4 of the Dungeon)
 r - a +2 dagger of speed
 v - the +7 broad axe of Day {flame, rPois rC+ Will- SInv}
   (You found it on level 12 of the Dungeon)

   rC+:       It protects you from cold.
   rPois:     It protects you from poison Will-: It decreases your willpower.
   SInv:      It lets you see invisible.
 E - the +5 mace "Olarean" {venom, Contam Will+ Int+3}
   (You found it on level 7 of the Dungeon)

   Int+3:     It affects your intelligence (+3).
   Will+:     It increases your willpower.
   Contam:    It causes magical contamination when unequipped.
 X - a +5 flail of holy wrath
Missiles
 q - 2 silver javelins
 B - 23 boomerangs (quivered)
 H - 2 atropa-tipped darts
Armour
 n - a +1 pair of gloves (worn)
 w - a +2 leather armour of poison resistance (worn)
 C - the +2 helmet of Impermeability {rElec rF+ rCorr Int+3}
   (You acquired it on level 1 of the Lair of Beasts)

   Int+3:     It affects your intelligence (+3).
   rF+:       It protects you from fire.
   rElec:     It insulates you from electricity.
   rCorr:     It protects you from acid and corrosion.
 D - a +2 cloak of poison resistance (worn)
 K - a +1 buckler of poison resistance (worn)
 M - the +0 mask of the Dragon (worn) {Will+ Slay+3 SInv}
   (You acquired it in a bailey)

   Slay+3:    It affects your accuracy & damage with ranged weapons and melee
   (+3).
   Will+:     It increases your willpower.
   SInv:      It lets you see invisible.
 V - a +1 pair of boots (worn)
Jewellery
 a - a +6 ring of dexterity
 d - a ring of resist corrosion
 j - a +4 ring of protection
 k - a +5 ring of evasion (left hand)
 l - the ring "Jadgher" {Fire Contam rElec Dex+3 Stlth+}
   (You acquired it on level 11 of the Dungeon)

   [ring of fire]

   Fire:      It enhances your fire magic.
   Dex+3:     It affects your dexterity (+3).
   rF+:       It protects you from fire.
   rC-:       It makes you vulnerable to cold.
   rElec:     It insulates you from electricity.
   Contam:    It causes magical contamination when unequipped.
   Stlth+:    It makes you more stealthy.
 u - a +6 ring of strength
 y - a ring of positive energy
 G - a ring of fire (right hand)
 T - an amulet of regeneration (around neck)
Wands
 g - a wand of digging (1)
 I - a wand of iceblast (9)
 J - a wand of mindburst (2)
 N - a wand of flame (20)
 R - a wand of charming (12)
Scrolls
 h - 3 scrolls of fear
 i - a scroll of immolation
 z - a scroll of blinking
 F - 11 scrolls of teleportation
 L - 4 scrolls of amnesia
 S - 2 scrolls of identify
 W - a scroll of summoning
Potions
 c - 3 potions of might
 e - 4 potions of brilliance
 p - 3 potions of attraction
 t - 3 potions of invisibility
 x - 6 potions of curing
 A - a potion of lignification
 O - 3 potions of magic
 P - a potion of enlightenment
 Y - a potion of mutation
 Z - a potion of ambrosia
Miscellaneous
 b - a phantom mirror
 s - a box of beasts
 Q - a phial of floods (inert)
 U - a tin of tremorstones (2/2)


   Skills:
 + Level 11.2 Fighting
 + Level 10.2(11.9) Short Blades
 - Level 9.9(11.8) Long Blades
 + Level 5.4 Armour
 + Level 11.0 Dodging
 + Level 12.3 Stealth
 - Level 9.9 Shields
 * Level 8.0 Evocations


You had 11 spell levels left.
You knew the following spells:

 Your Spells              Type           Power      Damage    Failure   Level
a - Ozocubu's Armour      Ice            0%         N/A       54%         3

Your spell library contained the following spells:

 Spells                   Type           Power      Damage    Failure   Level
 Ensorcelled Hibernation  Hex/Ice        0%         N/A       32%         2
 Sublimation of Blood     Necr           0%         N/A       32%         2
 Manifold Assault         Tloc           0%         N/A       92%         4
 Petrify                  Tmut/Erth      0%         N/A       92%         4
 Vhi's Electric Charge    Tloc/Air       0%         N/A       92%         4
 Arcjolt                  Conj/Air       0%         1d10      99%         5
 Irradiate                Conj/Tmut      0%         3d11      99%         5
 Dispersal                Tloc           0%         N/A       100%        6
 Plasma Beam              Fire/Air       0%         2x1d10    100%        6
 Simulacrum               Ice/Necr       0%         N/A       100%        6
 Malign Gateway           Summ/Tloc      0%         N/A       100%        7
 Ozocubu's Refrigeration  Ice            0%         4d7       100%        7
 Disjunction              Tloc           0%         N/A       100%        8
 Summon Horrible Things   Summ           0%         N/A       100%        8


Dungeon Overview and Level Annotations

Branches:
Dungeon (13/15)            Temple (0/1) D:7            Lair (5/5) D:8
 Shoals (0/4) Lair:3        Snake (0/4) Lair:3        Slime (0/5) Lair:4
    Orc (2/2) D:11            Elf (0/3) Orc:2        Vaults (0/5) D:13
 Bailey (visited)           IceCv (visited)         Volcano (visited)

Shops:
D:10 *   Orc:2 (([=!

Portals:
Trove: D:13 (give 14 potions of curing)

Annotations:
D:10 2 transporters


Innate Abilities, Weirdness & Mutations

You have an increased reservoir of magic. (+10% MP)
You shall have no god before yourself.
Your divine heritage dramatically boosts your attributes as you level up.
You are somewhat resistant to further mutation.
Your system is resistant to poisons. (rPois)
Your spells are a little easier to cast, but a little less powerful.


Message History

The orc sorcerer is severely wounded.
The occultist hits you with a +0 dagger.
The orc sorcerer hits you but does no damage.
You slash the orc sorcerer!
The orc sorcerer is almost dead.
You slice the orc sorcerer!!
You kill the orc sorcerer!
The occultist hits you but does no damage.
You slash the occultist!
You kill the occultist!
Found a pearl ring, a glowing spear, a scroll of fear and a scroll of fog.
You are no longer berserk.
You are exhausted.
You feel yourself slow down.
A deep elf pyromancer comes into view. It is wielding a +0 dagger.
You are engulfed in blazing flames.
You resist.
* * * LOW HITPOINT WARNING * * *
The deep elf zephyrmancer completely misses you.
The deep elf pyromancer moves out of view.
Things that are here:
a +3 rapier of electrocution; a +0 cloak of poison resistance; a +0 pair of gloves You slice the deep elf zephyrmancer!!
The deep elf zephyrmancer is heavily wounded.
You are engulfed in blazing flames.
You resist.
* * * LOW HITPOINT WARNING * * *
The deep elf zephyrmancer casts a spell at you.
The bolt of lightning hits you!!
* * * LOW HITPOINT WARNING * * *
The bolt of lightning misses you.
An arcanist comes into view. It is wielding a +0 dagger.
The deep elf zephyrmancer gestures wildly while chanting.
The deep elf zephyrmancer blinks!
The deep elf zephyrmancer attacks as it pursues you!
The deep elf zephyrmancer hits you but does no damage.
The deep elf pyromancer casts a spell at you.
The bolt of fire hits you! You resist.
* * * LOW HITPOINT WARNING * * *
The deep elf zephyrmancer casts a spell at you.
The bolt of lightning hits you!!
You die...

#° #.+ #..# #☼
#^# #..# ☼.
#)####..# #○
#'#|.#.†# . #°
###.'..#..# .. #.
#.p.#..'..#
#'##°##'#######8#
..#..○°☼.)# ##
.!'.e..○.@#
..'....e))#
###.#...#.'.. #
##_##.'...8 ##
#.#...=) ..#..!??
..##8#8# ### ####


You could see a deep elf pyromancer, a deep elf zephyrmancer and an arcanist.

Vanquished Creatures
  Nikola (D:13)
  Gastronok (D:8)
  Kirke (Lair:4)
  An orc warlord (Bailey)
  A white draconian (IceCv)
  A fire dragon (Lair:5)
  A vault guard (D:13)
  7 hydras
  2 salamander tyrants (D:13)
  2 catoblepae
  3 centaur warriors
  5 two-headed ogres
  3 boulder beetles
  4 death yaks
  4 occultists (D:13)
  An orc high priest (Orc:2)
  A hell knight (Volcano)
  Amaemon (D:11)
  6 skysharks
  An arcanist (D:13)
  A deep elf zephyrmancer (D:13)
  Pikel (D:6)
  4 harpies (Lair:3)
  8 orc sorcerers
  3 ugly things
  A lindwurm (Lair:5)
  A cyclops (D:13)
  A deep elf pyromancer (D:13)
  A manticore (D:12)
  9 elephants
  7 black mambas
  Maurice (D:12)
  9 cane toads
  2 molten gargoyles (Lair:5)
  An orange demon (D:11)
  A yaktaur (Volcano)
  An unseen horror (D:13)
  Maggie (D:8)
  10 rime drakes
  A kobold demonologist (D:11)
  11 komodo dragons
  2 tengu conjurers (D:13)
  9 trolls
  2 polar bears
  19 blink frogs
  6 dream sheep
  Sigmund (D:4)
  3 slime creatures (D:12)
  7 wyverns
  A shadow (D:11)
  4 wraiths
  5 fire bats (Volcano)
  68 yaks
  6 basilisks
  3 steam dragons
  2 humans (Lair:4)
  7 vampire mosquitoes (D:11)
  6 nagas (Lair:3)
  A warg (Orc:2)
  6 acid dragons
  7 hell hounds
  14 water moccasins
  2 black bears
  27 orc warriors
  6 sky beasts
  An ice beast (D:6)
  2 ogres (Orc:1)
  13 wolves
  9 centaurs
  3 lemures (D:6)
  3 phantoms
  2 kobold brigands
  Blork the orc (D:5)
  9 bullfrogs
  8 scorpions
  4 wights (D:9)
  4 lindwurm simulacra (IceCv)
  12 howler monkeys
  4 electric eels (D:8)
  9 lava snakes
  5 komodo dragon simulacra (IceCv)
  A bullfrog zombie (D:4)
  3 jellies
  Crazy Yiuf (D:6)
  27 orc priests
  A gnoll bouda (D:8)
  6 hounds
  Ijyb (D:4)
  2 iguanas
  Natasha (thrice) (D:3)
  42 orc wizards
  2 scorpion zombies
  6 hell rats (Lair:5)
  A hound skeleton (D:5)
  10 gnolls
  2 howler monkey skeletons (D:5)
  4 acid dragon simulacra (IceCv)
  9 adders
  A shadow imp (D:6)
  A white imp (D:8)
  2 ufetubi
  8 steam dragon simulacra (IceCv)
  An adder skeleton (D:5)
  An adder zombie (D:5)
  4 worms
  2 dart slugs
  89 orcs
  9 ball pythons
  10 bats
  7 endoplasms
  A giant cockroach (D:2)
  20 goblins
  9 hobgoblins
  8 jackals
  5 quokkas
  5 frilled lizards
  19 kobolds
  16 rats
764 creatures vanquished.

Vanquished Creatures (collateral kills)
  An orc high priest (Orc:2)
  5 dream sheep (Lair:3)
6 creatures vanquished.

Vanquished Creatures (others)
  A rime drake (Lair:5)
  A yak (Lair:5)
  A human (Lair:4)
  An orc warrior (Orc:2)
  An orc (D:9)
5 creatures vanquished.

Grand Total: 775 creatures vanquished

Notes
Turn   | Place    | Note
-------+----------+-------------------------------------------
     0 | D:5      | croobank the Demigod Delver began the quest for the Orb.
     0 | D:5      | Reached XP level 1. HP: 18/18 MP: 3/3
     5 | D:6      | Noticed a centaur
     9 | D:6      | Killed a centaur
    10 | D:6      | Reached skill level 5 in Stealth
    10 | D:6      | Reached XP level 2. HP: 26/26 MP: 4/4
    10 | D:6      | Reached XP level 3. HP: 31/31 MP: 5/5
    28 | D:7      | Found a staircase to the Ecumenical Temple.
    32 | D:7      | Noticed a centaur
    73 | D:5      | Reached XP level 4. HP: 35/38 MP: 6/6
  1057 | D:1      | Reached XP level 5. HP: 45/45 MP: 7/7
  2674 | D:3      | Noticed Natasha
  2686 | D:3      | Killed Natasha
  2691 | D:3      | Noticed Natasha
  2708 | D:3      | Killed Natasha
  2871 | D:3      | Noticed Natasha
  2879 | D:3      | Killed Natasha
  2975 | D:3      | Reached XP level 6. HP: 45/52 MP: 8/8
  3232 | D:4      | Noticed Sigmund
  3243 | D:4      | Noticed Ijyb
  3255 | D:4      | Killed Ijyb
  3659 | D:4      | Reached skill level 6 in Stealth
  3659 | D:4      | Reached XP level 7. HP: 54/60 MP: 9/9
  4030 | D:4      | Found the +11 Singing Sword {sonic wave}
  4262 | D:4      | Killed Sigmund
  4822 | D:4      | Reached skill level 5 in Fighting
  5549 | D:5      | Reached XP level 8. HP: 68/68 MP: 10/10
  6034 | D:5      | Reached skill level 5 in Dodging
  6237 | D:5      | Noticed Blork the orc
  6261 | D:5      | Killed Blork the orc
  6262 | D:5      | Reached skill level 5 in Short Blades
  6354 | D:6      | Reached skill level 7 in Stealth
  7236 | D:6      | Noticed Pikel
  7749 | D:6      | Found a runed translucent door.
  7750 | D:6      | Noticed Crazy Yiuf
  7757 | D:6      | Learned a level 3 spell: Ozocubu's Armour
  7759 | D:6      | Killed Crazy Yiuf
  7960 | D:7      | Identified the +5 mace "Olarean" {venom, Contam Will+
                  | Int+3}
  8123 | D:7      | Reached XP level 9. HP: 75/75 MP: 11/11
  8175 | D:7      | Reached skill level 1 in Long Blades
  8175 | D:7      | Reached skill level 1 in Shields
  8591 | D:8      | Noticed Maggie
  8599 | D:8      | Reached skill level 8 in Stealth
  8601 | D:8      | Killed Maggie
  8991 | D:8      | Noticed Gastronok
  9001 | D:8      | Noticed a two-headed ogre
  9015 | D:8      | Killed a two-headed ogre
  9016 | D:8      | Reached XP level 10. HP: 17/86 MP: 13/13
  9764 | D:8      | Killed Gastronok
  9966 | D:8      | Found a staircase to the Lair.
 10198 | D:9      | Noticed a two-headed ogre
 10266 | D:9      | Reached skill level 5 in Long Blades
 10266 | D:9      | Reached skill level 5 in Shields
 10273 | D:9      | Killed a two-headed ogre
 10353 | D:9      | Found a flagged portal.
 10363 | Bailey   | Entered a bailey
 10398 | Bailey   | Noticed an orc warlord
 10476 | Bailey   | Found a runed translucent gate.
 10478 | Bailey   | Found a runed translucent gate.
 10497 | Bailey   | Found a runed translucent gate.
 10730 | Bailey   | Killed an orc warlord
 10731 | Bailey   | Reached skill level 9 in Stealth
 10773 | Bailey   | Acquired the +0 mask of the Dragon {Will+ Slay+3 SInv}
 10773 | Bailey   | Found the +0 mask of the Dragon {Will+ Slay+3 SInv}
 10965 | D:9      | Reached XP level 11. HP: 75/93 MP: 14/14
 11150 | D:9      | Noticed a two-headed ogre
 11158 | D:9      | Killed a two-headed ogre
 11553 | D:10     | Entered Level 10 of the Dungeon
 11555 | D:10     | Found Woddaom's General Store.
 11635 | D:10     | Bought a ring of positive energy for 340 gold pieces
 11721 | D:10     | Found a transporter.
 11735 | D:10     | Found a transporter.
 13166 | D:6      | Killed Pikel
 13299 | D:11     | Noticed Amaemon
 13309 | D:11     | Killed Amaemon
 13340 | D:11     | Found a staircase to the Orcish Mines.
 13686 | D:11     | Noticed a two-headed ogre
 13693 | D:11     | Killed a two-headed ogre
 14115 | IceCv    | Identified the of Suydidit
 14122 | D:12     | Found a frozen archway.
 14132 | D:12     | Noticed Maurice
 14137 | D:12     | Killed Maurice
 14177 | IceCv    | Entered an ice cave
 14192 | IceCv    | Reached XP level 12. HP: 79/103 MP: 15/15
 15366 | IceCv    | Noticed a white draconian
 15519 | IceCv    | Reached skill level 10 in Stealth
 15519 | IceCv    | Killed a white draconian
 16160 | D:12     | Identified the +7 broad axe of Day {flame, rPois rC+ Will-
                  | SInv}
 16232 | D:12     | Identified the +3 whip "Animoolu" {flame, *Noise Dex+8}
 16667 | D:15     | Identified the "Vabloot"
 16667 | Lair:1   | Entered Level 1 of the Lair of Beasts
 16783 | Lair:1   | Acquired the ring "Jadgher" {Fire Contam rElec Dex+3
                  | Stlth+}
 16826 | Lair:1   | Found a dark tunnel.
 16901 | Volcano  | Entered a volcano
 17003 | Volcano  | Noticed a centaur warrior
 17015 | Volcano  | Killed a centaur warrior
 17461 | Lair:1   | Gained mutation: You are frail. (-10% HP) [mutagenic glow]
 18350 | Lair:2   | Noticed a boulder beetle
 18387 | Lair:2   | Reached XP level 13. HP: 53/99 MP: 16/16
 18976 | Lair:2   | Acquired the +2 helmet of Impermeability {rElec rF+ rCorr
                  | Int+3}
 18991 | Lair:2   | Acquired a manual of Short Blades
 19657 | Lair:3   | Reached skill level 1 in Evocations
 19689 | Lair:3   | Reached skill level 1 in Armour
 19862 | D:10     | Bought a scroll of enchant armour for 127 gold pieces
 20063 | Lair:3   | Reached skill level 11 in Stealth
 20152 | Lair:3   | Found a staircase to the Snake Pit.
 20374 | Lair:3   | Reached skill level 10 in Fighting
 20617 | Lair:3   | Found a staircase to the Shoals.
 20837 | Lair:4   | Reached skill level 10 in Dodging
 21096 | Lair:4   | You fall into a shaft and drop 1 floor!
 21096 | Lair:5   | Entered Level 5 of the Lair of Beasts
 21102 | Lair:5   | Reached XP level 14. HP: 108/108 MP: 17/17
 21134 | Lair:5   | Reached skill level 5 in Evocations
 21395 | Lair:4   | Noticed Kirke
 21412 | Lair:4   | Killed Kirke
 21845 | Lair:4   | Found a staircase to the Slime Pits.
 23268 | Lair:5   | Found a large runed translucent door.
 23269 | Lair:5   | Found a large runed translucent door.
 23472 | Lair:5   | Reached skill level 12 in Stealth
 24100 | Orc:1    | Entered Level 1 of the Orcish Mines
 24268 | Orc:2    | Entered Level 2 of the Orcish Mines
 24283 | Orc:2    | Found a staircase to the Elven Halls.
 24391 | Orc:2    | Found Niont's Weapon Boutique.
 25171 | Orc:2    | Lost mutation: You are frail. (-10% HP) [potion of
                  | mutation]
 25171 | Orc:2    | Gained mutation: Your spells are a little easier to cast,
                  | but a little less powerful. [potion of mutation]
 25171 | Orc:2    | Gained mutation: You are somewhat resistant to further
                  | mutation. [potion of mutation]
 25171 | Orc:2    | Gained mutation: Your system is resistant to poisons.
                  | (rPois) [potion of mutation]
 25278 | Orc:2    | Found Baimuh's Jewellery Shoppe.
 25278 | Orc:2    | Found Zotzoless's Distillery.
 25282 | Orc:2    | Found Lyadwuz's Weapon Emporium.
 25282 | Orc:2    | Found Facvong's Armour Emporium.
 26380 | D:13     | Found a gate to the Vaults.
 26425 | D:13     | Reached skill level 5 in Armour
 26817 | D:13     | Found a portal to a secret trove of treasure.
 27013 | D:13     | Reached skill level 10 in Short Blades
 27013 | D:13     | Reached XP level 15. HP: 77/129 MP: 18/18
 27107 | D:13     | Noticed Nikola
 27120 | D:13     | Killed Nikola
 27136 | D:13     | HP: 3/130 [deep elf pyromancer/bolt of fire (9)]
 27136 | D:13     | Killed from afar by a deep elf zephyrmancer

Illustrated notes

Levels and vault maps discovered:
D:1:      dpeg_arrival_ratfight, layout_basic
D:2:      layout_basic, basic_altar
D:3:      layout_loops_ring, uniq_natasha
D:4:      old_forge, layout_cave_pools, mainiacjoe_overflow_small_starburst,
          lemuel_zombie_altar_yredelemnul, mainiacjoe_overflow_paths,
          uniq_sigmund, uniq_ijyb
D:5:      layout_basic, tgw_sif, mainiacjoe_ossuary_entry_find_the_door
D:6:      layout_basic, minmay_door_square, uniq_crazy_yiuf_cottage, uniq_pikel
D:7:      layout_basic, mainiacjoe_overflow_alcove_2, lemuel_tele_altar,
          mainiacjoe_overflow_chevrons, okawaru_ov_weapons_minmay,
          minmay_temple_entry_sparse_star, st_stairs_13
D:8:      layout_loops_ring, erik_lair_island, minmay_misc_feat_alley,
          amethyst_killhole, uniq_gastronok, uniq_maggie
D:9:      layout_roguey, worldfamousw_hep_ancestral_shrine, enter_bailey_3
D:10:     gammafunk_worm_tunnel, layout_stronghold,
          grunt_temple_overflow_cloverleaf, serial_shops, shop
D:11:     layout_stronghold, hiddenorc2_lemuel, uniq_amaemon
D:12:     layout_irregular_city, portal_ice_cave_rime, minmay_crystal_room,
          grunt_qazlal_sundering, uniq_maurice
D:13:     evilmike_halls_of_destruction, layout_stronghold, david_vaults_4,
          trove_entry_hex_spiral, evilmike_minifort
Lair:1:   layout_hall_layers, enter_volcano_3, lemuel_fruit_tree
Lair:2:   layout_small_grid, basic_altar
Lair:3:   layout_misc_corridors, nicolae_shoals_entry_roost,
          minmay_snake_entry_guardpost_large, grunt_megastairs_1
Lair:4:   layout_roguey, dpeg_slime_entry_enclosed, patterned_corridor,
          grunt_megastairs_3, uniq_kirke
Lair:5:   cheibrodos_lair_end_hotspot, layout_hall_layers, lemuel_old_faithful
Orc:1:    layout_caves, mines1_david
Orc:2:    st_orc_mages, layout_caves, serial_shops, nicolae_shop_trees

Skill      XL: |  1  2  3  4  5  6  7  8  9 10 11 12 13 14 15 |
---------------+----------------------------------------------+-----
Fighting       | 3 4 5 6 7 8 9 10 11 | 11.2
Short Blades   | 2 3 4 5 7 10 | 10.2
Dodging        | 2 3 4 5 6 7 8 9 10 11 | 11.0
Stealth        | 5 6 7 8 9 10 11 12 | 12.3
Long Blades    | 4 6 7 9 |  9.9
Shields        | 4 6 8 9 |  9.9
Evocations     | 4 7 8 |  8.0
Armour         | 3 5 |  5.4

Action                     |  1- 3 |  4- 6 |  7- 9 | 10-12 | 13-15 || total
---------------------------+-------+-------+-------+-------+-------++-------
  Melee: Short sword       |     6 |   152 |       |       |       ||   158
         Punch             |       |     2 |     5 |       |       ||     7
         Dagger            |       |   244 |   267 |       |     8 ||   519
         Unarmed           |       |     7 |       |       |       ||     7
         Double sword      |       |       |   191 |   483 |   708 ||  1382
         Spear             |       |       |     1 |       |       ||     1
         Broad axe         |       |       |       |       |   103 ||   103
  Throw: Dart              |     3 |    12 |    39 |     7 |     5 ||    66
         Javelin           |       |       |       |       |     2 ||     2
         Boomerang         |       |       |       |       |     1 ||     1
   Cast: Ozocubu's Armour  |       |       |     1 |       |       ||     1
  Evoke: Wand              |       |       |       |    24 |    11 ||    35
         Tin of tremorston |       |       |       |     1 |     1 ||     2
         Box of beasts     |       |       |       |       |     1 ||     1
         Phial of floods   |       |       |       |       |     1 ||     1
    Use: Scroll            |       |     7 |     9 |    18 |    16 ||    50
         Potion            |       |     5 |     5 |     5 |     7 ||    22
   Stab: Sleeping          |     1 |    21 |     2 |    10 |    19 ||    53
         Distracted        |       |       |     1 |     7 |     4 ||    12
         Invisible         |       |       |       |     7 |       ||     7
         Petrified         |       |       |       |       |     3 ||     3
 Armour: Leather armour    |     3 |   217 |   276 |   214 |   461 ||  1171
         Skin              |       |     2 |       |       |       ||     2
  Dodge: Dodged            |     6 |   246 |   244 |   381 |   728 ||  1605
  Block: Kite shield       |       |       |     1 |    38 |       ||    39
         Buckler           |       |       |       |   156 |   342 ||   498

Table legend: (Time is in decaauts)
 A = Elapsed time spent in this place.
 B = Non-inter-level travel time spent in this place.
 C = Inter-level travel time spent in this place.
 D = Time resting spent in this place.
 E = Time spent auto-exploring this place.
 F = Levels seen in this place.
 G = Mean time per level.
                   A        B        C        D        E       F      G
               +--------+--------+--------+--------+--------+-----+--------+
         Total |  27048 |  25193 |   1855 |   6603 |  11418 |  23 | 1176.0 |
       Dungeon |  15971 |  14549 |   1422 |   3532 |   7402 |  13 | 1228.5 |
          Lair |   6607 |   6224 |    383 |   1010 |   3157 |   5 | 1321.4 |
  Orcish Mines |   2027 |   1978 |     49 |    653 |    787 |   2 | 1013.5 |
        Bailey |    437 |    437 |      0 |    143 |      0 |   1 |  437.0 |
      Ice Cave |   1466 |   1466 |      0 |    975 |      0 |   1 | 1466.0 |
       Volcano |    539 |    539 |      0 |    289 |     72 |   1 |  539.0 |
               +--------+--------+--------+--------+--------+-----+--------+

Top non-repeatable levels by time:
     D:4: 2354 daAuts
  Lair:5: 1923 daAuts
     D:8: 1912 daAuts
     D:6: 1753 daAuts
   IceCv: 1466 daAuts
    D:10: 1426 daAuts
  Lair:2: 1420 daAuts
  Lair:4: 1180 daAuts
   Orc:2: 1117 daAuts
    D:11: 1106 daAuts
  Lair:1: 1068 daAuts
    D:12: 1032 daAuts
  Lair:3: 1014 daAuts
     D:9: 1007 daAuts
     D:3: 981 daAuts
